 Dungeon Crawl Stone Soup version 0.27-a0-951-gae3e1deef5 (webtiles) character file.

Game seed: 12621861136841429008

71 polve the Skirmisher (level 4, -2/35 HPs)
             Began as a Demonspawn Abyssal Knight on Apr 11, 2021.
             Was a Follower of Lugonu.
             Slain by Natasha (8 damage)
             ... on level 2 of the Dungeon.
             The game lasted 00:01:45 (2284 turns).

polve the Skirmisher (Demonspawn Abyssal Knight)    Turns: 2284, Time: 00:01:45

Health: -2/35      AC:  5    Str: 13    XL:     4   Next: 5%
Magic:  5/5        EV: 11    Int: 14    God:    Lugonu [*.....]
Gold:   69         SH:  0    Dex: 12    Spells: 3/3 levels left

rFire    . . .     SeeInvis .   a - +1 falchion
rCold    . . .     Faith    .   (no shield)
rNeg     . . .     Spirit   .   b - +0 leather armour
rPois    .         Reflect  .   (no helmet)
rElec    .         Harm     .   (no cloak)
rCorr    .         Rampage  .   d - +1 pair of gloves
Will     .....                  (no boots)
Stlth    +.........             (no amulet)
HPRegen  0.11/turn              (no ring)
MPRegen  0.09/turn              (no ring)

@: no status effects
A: claws 1
a: Renounce Religion, Depart the Abyss


You were on level 2 of the Dungeon.
You worshipped Lugonu.
Lugonu was aware of your devotion.
You visited 1 branch of the dungeon, and saw 2 of its levels.
You visited the Abyss 1 time.

You collected 69 gold pieces.

Inventory:

Hand Weapons
 a - a +1 falchion (weapon)
Armour
 b - a +0 leather armour (worn)
 d - a +1 pair of gloves (worn)
Jewellery
 c - an amulet of reflection
 f - a +6 ring of dexterity
Scrolls
 e - a scroll of acquirement {unknown}
Potions
 g - a potion of heal wounds {unknown}
 h - a potion of mutation {unknown}


   Skills:
 - Level 3.3 Fighting
 - Level 1.7 Long Blades
 - Level 2.0 Armour
 - Level 1.2 Dodging
 + Level 2.8 Unarmed Combat
 - Level 2.4 Invocations


You had 3 spell levels left.
You didn't know any spells.
Your spell library was empty.

Dungeon Overview and Level Annotations

Branches:
Dungeon (2/15)

Altars:

Annotations:
D:2 Natasha


Innate Abilities, Weirdness & Mutations

You have sharp fingernails.


Message History

Natasha is moderately wounded.
Natasha closely misses you.
You hit Natasha.
Natasha is heavily wounded.
Natasha stares at you and mumbles some strange words.
The magic dart hits you.
* * * LOW HITPOINT WARNING * * *
You hit Natasha.
Natasha is severely wounded.
Natasha casts a spell.
Natasha completely misses you.
You closely miss Natasha.
Natasha is severely wounded.
Natasha wildly gestures.
Natasha's front paws start to glow.
Natasha claws you but does no damage. The crimson imp hits you.
* * * LOW HITPOINT WARNING * * *
You closely miss Natasha.
Natasha is severely wounded.
Natasha casts a spell at you.
You feel yourself slow down.
The crimson imp blinks!
You barely miss Natasha.
Natasha is severely wounded.
The shadow imp disappears in a puff of smoke!
Natasha barely misses you.
The crimson imp blinks!
Natasha mumbles some strange words.
You hit Natasha.
You kill Natasha!
Lugonu accepts your kill.
Natasha screams in fury as she dies!
The crimson imp disappears in a puff of smoke!
The shadow imp disappears in a puff of smoke!
You have reached level 4!
You feel stronger.
You feel yourself speed up.
Natasha, Servant of Life and Death comes into view.
Natasha is nearby!
Natasha is nearby!
Natasha claws you!
You die...

.. #.# ##.##
##...##
#.....######
##...........
#.....h.....#
#.†@#.# #..
##....# #.#
#.##.# #.#
#.##.# #.#
#.##.# #.#
#.##.# . #.#
##.##.###.
#.####...#.##..
#........#.##.#


You could see Natasha.

Vanquished Creatures
  Natasha (D:2)
  2 adders (D:2)
  A dart slug (D:2)
  3 endoplasms (D:1)
  A goblin (D:1)
  A hobgoblin (D:2)
  4 jackals (D:1)
  6 kobolds
  4 ball pythons (D:1)
  A frilled lizard (D:1)
  2 rats (D:1)
26 creatures vanquished.

Notes
Turn   | Place    | Note
-------+----------+-------------------------------------------
     0 | Abyss:1  | polve the Demonspawn Abyssal Knight began the quest for the
                  | Orb.
     0 | Abyss:1  | Reached XP level 1. HP: 18/18 MP: 2/2
    73 | Abyss:1  | Noticed a small abomination
    78 | Abyss:1  | Noticed a demonic crawler
    93 | D:1      | Escaped the Abyss
   432 | D:1      | Reached skill level 1 in Dodging
   876 | D:1      | Gained mutation: You have sharp fingernails. [demonic
                  | ancestry]
   876 | D:1      | Reached XP level 2. HP: 14/24 MP: 3/3
   882 | D:1      | Reached * piety under Lugonu
  1230 | D:1      | Reached skill level 1 in Unarmed Combat
  1367 | D:1      | Found a faded altar of an unknown god.
  2031 | D:2      | Reached XP level 3. HP: 26/29 MP: 4/4
  2241 | D:2      | Noticed Natasha
  2265 | D:2      | Killed Natasha
  2266 | D:2      | Reached XP level 4. HP: 3/35 MP: 5/5
  2281 | D:2      | Noticed Natasha
  2284 | D:2      | Slain by Natasha

Illustrated notes

Levels and vault maps discovered:
D:1:      dpeg_arrival_circle_labyrinth_a, layout_basic,
          hellmonk_ecumenical_altar_prayer_group, bh_walls_and_bars
D:2:      layout_loops_ring, uniq_crazy_yiuf_cottage, uniq_natasha

Skill      XL: |  1  2  3 |
---------------+----------+-----
Dodging        | 1 |  1.2
Armour         | 2 |  2.0
Unarmed Combat | 1 2 |  2.8
Fighting       | |  3.3
Long Blades    | |  1.7
Invocations    | |  2.4

Action                   |  1- 3 |  4- 6 || total
-------------------------+-------+-------++-------
Melee: Falchion          |   105 |       ||   105
Invok: Depart the Abyss  |     1 |       ||     1
 Stab: Sleeping          |     1 |       ||     1
Armor: Leather armour    |    34 |       ||    34
Dodge: Dodged            |    72 |       ||    72
       Rpst.: Falchion   |    22 |       ||    22

Table legend: (Time is in decaauts)
 A = Elapsed time spent in this place.
 B = Non-inter-level travel time spent in this place.
 C = Inter-level travel time spent in this place.
 D = Time resting spent in this place.
 E = Time spent auto-exploring this place.
 F = Levels seen in this place.
 G = Mean time per level.
                   A        B        C        D        E       F      G
               +--------+--------+--------+--------+--------+-----+--------+
         Total |   2314 |   2226 |     88 |      0 |   1968 |   3 |  771.3 |
       Dungeon |   2221 |   2133 |     88 |      0 |   1896 |   2 | 1110.5 |
         Abyss |     93 |     93 |      0 |      0 |     72 |   1 |   93.0 |
               +--------+--------+--------+--------+--------+-----+--------+

Top non-repeatable levels by time:
     D:1: 1942 daAuts
     D:2: 279 daAuts
 Abyss:1: 93 daAuts
